 Dungeon Crawl Stone Soup version 0.17-a0-1475-g9f81d98 (webtiles) character file.

63 Ajdolov the Insei (level 4, -4/28 HPs)
             Began as a Tengu Monk on July 3, 2015.
             Slain by a gnoll
             ... wielding a +0 whip
              (6 damage)
             ... on level 3 of the Dungeon.
             The game lasted 00:04:23 (2040 turns).

Ajdolov the Insei (Tengu Monk)                      Turns: 2040, Time: 00:04:23

Health: -4/28      AC:  2    Str:  6    XL:     4   Next: 9%
Magic:  9/9        EV: 13    Int: 12    God:
Gold:   117        SH:  0    Dex: 16    Spells: 0 memorised, 9 levels left

rFire  . . .     SeeInvis .       - Unarmed
rCold  . . .     Clarity  .     a - +0 robe
rNeg   . . .     SustAt   .     (no shield)
rPois  .         Gourm    .     (helmet restricted)
rElec  .         Spirit   .     (no cloak)
rCorr  .         Warding  .     (no gloves)
rMut   +         Stasis   .     (boots unavailable)
MR     .....                    h - amulet of resist mutation
Stlth  ++........               (no ring)
                                j - -5 ring of strength (curse)

@: not resistant to hostile enchantments, unstealthy
A: beak, talons 3
a: no special abilities


You were on level 3 of the Dungeon.
You were hungry.

You visited 1 branch of the dungeon, and saw 4 of its levels.

You collected 117 gold pieces.

Inventory:

Missiles
 e - 8 poisoned needles
Armour
 a - a +0 robe (worn)
 m - a +0 pair of gloves
Jewellery
 h - an amulet of resist mutation (around neck)
 j - a cursed -5 ring of strength (left hand)
Scrolls
 c - a scroll of teleportation
 k - a scroll of fog {unknown}
Potions
 f - a potion of flight
 i - 2 potions of brilliance {unknown}
 l - a potion of poison {unknown}
 n - a potion of lignification {unknown}
 o - a potion of curing {unknown}
 p - a potion of degeneration {unknown}
Comestibles
 b - a bread ration
 d - 3 meat rations
 g - a beef jerky
 q - 2 chunks of flesh


   Skills:
 - Level 3.0 Fighting
 - Level 3.2 Dodging
 - Level 2.0 Stealth
 - Level 4.3 Unarmed Combat
 + Level 3.2 Spellcasting


You had 9 spell levels left.
You didn't know any spells.

Dungeon Overview and Level Annotations

Branches:
Dungeon (4/15)
 Temple: D:4-7

Altars:
Elyvilon


Innate Abilities, Weirdness & Mutations

You have a beak for a mouth.
You have claws for feet.


Message History

You hit the bat.
You kill the bat!
No target in view!
You open the door.
There is an open door here.
Found 8 gold pieces and a scroll of identify.
An iguana comes into view.
The iguana hisses angrily.
The iguana bites you!
Ouch! That really hurt!
You hit the iguana but do no damage. The iguana barely misses you.
There is an open door here.
You are feeling hungry.
There is a stone staircase leading up here.
You climb upwards.
The gnoll misses you. The gnoll closely misses you.
The gnoll hits you with a whip!
* * * LOW HITPOINT WARNING * * *
There is a stone staircase leading down, spattered with blood here.
The gnoll hits you with a whip.
You die...

#.#. ........#########
.##.............#
###.#.#.#.#.#.#.# .#....
..#.............## ......
#.....⌠..÷..⌠....# #....
#........_........ ....
#.#...⌠.....⌠....# #..
#.#..............#
#..###@#.#.#.#.#.#.#..#
#...ggg#...........÷...
#...##########.##.###..
#...# #.##.###.# #..g#
##.........
####..g#########..........
........[.gg.##............
................#.##.......
..?.....[....#.............


You could see 3 gnolls.

Vanquished Creatures
  2 adders (D:2)
  An ooze (D:1)
  7 bats
  A giant cockroach (D:2)
  7 hobgoblins
  2 jackals (D:3)
  6 kobolds
  A giant newt (D:1)
  3 goblins
  9 rats
39 creatures vanquished.

Notes
Turn   | Place    | Note
--------------------------------------------------------------
     0 | D:1      | Ajdolov the Tengu Monk began the quest for the Orb.
     0 | D:1      | Reached XP level 1. HP: 14/14 MP: 2/2
   150 | D:1      | Reached skill level 1 in Spellcasting
   189 | D:1      | Reached XP level 2. HP: 19/19 MP: 5/5
   707 | D:2      | Reached XP level 3. HP: 19/23 MP: 7/7
  1898 | D:3      | Reached XP level 4. HP: 28/28 MP: 9/9
  1931 | D:3      | Found a white marble altar of Elyvilon.
  2040 | D:3      | Slain by a gnoll

Vault maps used:
D:1:      eino_arrival_cavern_e, st_stairs_14
D:3:      elyvilon_altar_5
D:4:      first_bread, hex_medium

Action                   |  1- 3 |  4- 6 || total
-------------------------+-------+-------++-------
Melee: Unarmed           |    93 |    15 ||   108
  Use: Scroll            |     4 |       ||     4
 Stab: Sleeping          |     5 |     1 ||     6
  Eat: Chunk             |     3 |       ||     3
